 Dungeon Crawl Stone Soup version 0.31-a0-408-gb642c7f9a3 (webtiles) character file.

Game seed: 4731542424672093340

16 drugrobin the Sneak (level 2, -1/25 HPs)
             Began as a Demigod Delver on July 29, 2023.
             Slain by a hobgoblin (4 damage)
             ... on level 3 of the Dungeon.
             The game lasted 00:02:42 (286 turns).

drugrobin the Sneak (Demigod Delver)                 Turns: 286, Time: 00:02:43

Health: -1/25      AC:  7    Str: 13    XL:     2   Next: 27%
Magic:  4/4        EV: 10    Int: 12    God:
Gold:   11         SH:  4    Dex: 15    Spells: 1/1 levels left

rFire   . . .        b - +0 war axe
rCold   . . .        h - +0 buckler
rNeg    . . .        k - +0 ring mail
rPois   .            d - +1 hat
rElec   .            j - +0 cloak
rCorr   .            (no gloves)
SInv    .            (no boots)
Will    .....        (no amulet)
Stlth   ++           (no ring)
HPRegen 0.24/turn    (no ring)
MPRegen 0.09/turn

%: no passive effects
@: no status effects
A: high MP 1, forlorn, divine attributes
a: no special abilities


You were on level 3 of the Dungeon.
You visited 1 branch of the dungeon, and saw 4 of its levels.

You collected 11 gold pieces.

Inventory:

Hand Weapons
 a - a +0 hand axe
 b - a +0 war axe (weapon)
Armour
 d - a +1 hat (worn)
 h - a +0 buckler (worn)
 j - a +0 cloak (worn)
 k - a +0 ring mail (worn)
 l - a +0 leather armour
Wands
 g - a wand of digging (3)
Scrolls
 c - a scroll of fog
 e - a scroll of fear
 i - a scroll of poison {unknown}
Potions
 f - a potion of haste


   Skills:
 - Level 2.6 Fighting
 + Level 2.8 Axes
 - Level 1.7 Dodging
 - Level 4.5 Stealth


You had one spell level left.
You didn't know any spells.
Your spell library was empty.

Dungeon Overview and Level Annotations

Branches:
Dungeon (6/15)
 Temple: D:4-7

Portals:
Sewer: D:4


Innate Abilities, Weirdness & Mutations

You have an increased reservoir of magic. (+10% MP)
You shall have no god before yourself.
Your divine heritage dramatically boosts your attributes as you level up.


Message History

Unknown command.
Unknown command.
Found 2 bubbling black potions.
You see here a +0 dagger.
l - a +0 war axe (weapon)
Adjust (i)tems, (s)pells, or (a)bilities?
l - a +0 war axe (weapon)
Adjust to which letter? (? for menu, Esc to quit)
b - a +0 war axe (weapon);
l - a +0 leather armour You hit the gnoll.
The gnoll is lightly wounded.
The gnoll barely misses you. The hobgoblin hits you.
* * * LOW HITPOINT WARNING * * *
The gnoll hits you with a +0 club.
* * * LOW HITPOINT WARNING * * *
Unknown command.
Unknown command.
Press: ? - help, v - describe, . - travel
Here: a gnoll, wielding a +0 club (lightly wounded)
The floor.
Unknown command.
You hit the gnoll.
The gnoll is heavily wounded.
You hit the hobgoblin. The gnoll hits you with a +0 club.
* * * LOW HITPOINT WARNING * * *
The hobgoblin hits you.
* * * LOW HITPOINT WARNING * * *
Unknown command.
Unknown command.
Unknown command.
Unknown command.
Cleave: b) +0 war axe
Press: ? - help, Dir - move target, f - gnoll
Aim: a gnoll, wielding a +0 club (heavily wounded, about 39% to evade your +0 war axe)
Okay, then.
Unknown command.
You slash the gnoll!
You kill the gnoll!
You barely miss the hobgoblin. The hobgoblin hits you.
You die...

### ....
....#####
......!@#
......g)#
........#
........#
........#
........#
###.....# # #
###....)##.#....
.......>[...g...


You could see a hobgoblin.

Vanquished Creatures
  A gnoll (D:3)
  An adder (D:5)
  An orc (D:3)
  An endoplasm (D:4)
  A giant cockroach (D:4)
  A kobold (D:3)
  A ball python (D:4)
  A rat (D:4)
8 creatures vanquished.

Notes
Turn   | Place    | Note
-------+----------+-------------------------------------------
     0 | D:5      | drugrobin the Demigod Delver began the quest for the Orb.
     0 | D:5      | Reached XP level 1. HP: 18/18 MP: 3/3
    35 | D:5      | Noticed a phantom
    36 | D:5      | Noticed a sleepcap
    47 | D:5      | Noticed a scorpion
    50 | D:5      | Noticed a gnoll bouda
    74 | D:5      | Noticed an iguana
    74 | D:5      | Noticed a sleepcap
    98 | D:5      | Noticed a jelly
   130 | D:5      | Noticed a phantom
   176 | D:4      | Reached XP level 2. HP: 25/25 MP: 4/4
   185 | D:4      | Found a glowing drain.
   286 | D:3      | Slain by a hobgoblin

Illustrated notes

Levels and vault maps discovered:
D:3:      layout_basic
D:4:      cheibrodos_helix_gallery, layout_basic,
          mainiacjoe_overflow_catwalk_spiral, portal_sewer_entry_a,
          chequers_decorated_corner
D:5:      cheibrodos_fertilizer, layout_basic, uniq_eustachio
D:6:      layout_loops_ring, dancing_weapons_uskayaw, minmay_temple_entry_wispy

Skill      XL: |  1 |
---------------+----+-----
Axes           | 2 |  2.8
Fighting       | |  2.6
Dodging        | |  1.7
Stealth        | |  4.5

Action                     || total
---------------------------++-------
  Melee: Hand axe          ||    20
         War axe           ||     3
    Use: Scroll            ||     1
   Stab: Sleeping          ||     2
 Armour: Leather armour    ||     3
         Ring mail         ||     8
  Dodge: Dodged            ||     5
  Block: Buckler           ||     3

Table legend: (Time is in decaauts)
 A = Elapsed time spent in this place.
 B = Non-inter-level travel time spent in this place.
 C = Inter-level travel time spent in this place.
 D = Time resting spent in this place.
 E = Time spent auto-exploring this place.
 F = Levels seen in this place.
 G = Mean time per level.
                   A        B        C        D        E       F      G
               +--------+--------+--------+--------+--------+-----+--------+
         Total |    292 |    292 |      0 |      0 |      0 |   4 |   73.0 |
       Dungeon |    292 |    292 |      0 |      0 |      0 |   4 |   73.0 |
               +--------+--------+--------+--------+--------+-----+--------+

Top non-repeatable levels by time:
     D:4: 121 daAuts
     D:5: 119 daAuts
     D:3: 29 daAuts
     D:6: 22 daAuts
